 Dungeon Crawl Stone Soup version 0.28.0-53-g5a82cb258f (webtiles) character file.

Game seed: 13120109429132348553

142 H0rd4k the Charlatan (level 5, 0/38 HPs)
             Began as a Human Artificer on May 30, 2022.
             Slain by a centaur (2 damage)
             ... on level 4 of the Dungeon.
             The game lasted 00:02:45 (4067 turns).

H0rd4k the Charlatan (Human Artificer)              Turns: 4067, Time: 00:02:46

Health: 0/38       AC:  3    Str: 12    XL:     5   Next: 49%
Magic:  4/4        EV: 11    Int: 14    God:
Gold:   86         SH:  0    Dex: 13    Spells: 4/4 levels left

rFire   . . .      SeeInvis .   f - +0 short sword (venom)
rCold   . . .      Faith    +   (no shield)
rNeg    . . .      Spirit   .   b - +0 leather armour
rPois   .          Reflect  .   (no helmet)
rElec   .          Harm     .   (no cloak)
rCorr   .          Rampage  .   (no gloves)
Will    .....                   (no boots)
Stlth   +.........              j - amulet of faith
HPRegen 0.12/turn               (no ring)
MPRegen 0.09/turn               (no ring)

@: brilliant, invisible
A: deterioration 1, low MP 1, MP-powered wands
a: no special abilities


You were on level 4 of the Dungeon.
You visited 1 branch of the dungeon, and saw 4 of its levels.

You collected 86 gold pieces.

Inventory:

Hand Weapons
 f - a +0 short sword of venom (weapon)
Missiles
 k - 4 poisoned darts (quivered)
Armour
 b - a +0 leather armour (worn)
Jewellery
 j - an amulet of faith (around neck)
Wands
 c - a wand of flame (14)
 d - a wand of charming (15)
Scrolls
 i - a scroll of holy word {unknown}
 m - a scroll of identify {unknown}
Potions
 a - a potion of might {unknown}
 g - a potion of brilliance
 h - a potion of haste {unknown}
 l - a potion of invisibility
Miscellaneous
 e - a piece from Xom's chessboard (15/15)


   Skills:
 + Level 2.0 Fighting
 + Level 2.0 Short Blades
 + Level 1.7 Maces & Flails
 - Level 2.0 Armour
 + Level 2.0 Dodging
 - Level 1.0 Stealth
 + Level 3.9 Evocations


You had 4 spell levels left.
You didn't know any spells.
Your spell library contained the following spells:

 Spells                   Type           Power      Damage    Failure   Level
 Shock                    Conj/Air       0%         1d3       36%         1
 Swiftness                Air            0%         N/A       73%         3
 Airstrike                Air            0%         N/A       98%         4


Dungeon Overview and Level Annotations

Branches:
Dungeon (4/15)
 Temple: D:4-7

Altars:
Xom

Annotations:
D:1 exclusions: downstairs and 1 more exclusion


Innate Abilities, Weirdness & Mutations

Your body sometimes deteriorates upon taking damage.
Your magical capacity is low. (-10% MP)
You expend magic power (3 MP) to strengthen your wands.


Message History

No target in view!
No target in view!
No target in view!
A centaur comes into view.
A centaur is nearby!
A centaur is nearby!
A centaur is nearby!
The centaur shouts!
The centaur wields a +0 shortbow.
The centaur shoots an arrow.
The arrow hits you!
You see here 9 gold pieces.
The centaur unwields a +0 shortbow.
The centaur hits you. The centaur kicks you.
You hit the centaur.
The centaur is poisoned.
The centaur is lightly wounded.
The centaur closely misses you.
The centaur kicks you but does no damage.
The centaur hits you but does no damage.
The centaur kicks you but does no damage.
You barely miss the centaur.
The centaur is lightly wounded.
The centaur hits you. The centaur kicks you.
You hit the centaur but do no damage.
The centaur looks as sick as possible!
The centaur is lightly wounded.
The centaur hits you.
* * * LOW HITPOINT WARNING * * *
The centaur kicks you.
* * * LOW HITPOINT WARNING * * *
The centaur hits you.
* * * LOW HITPOINT WARNING * * *
The centaur barely misses you.
It was a potion of brilliance.
You feel clever all of a sudden. The centaur hits you.
* * * LOW HITPOINT WARNING * * *
The centaur closely misses you.
It was a potion of invisibility.
You fade into invisibility!
The centaur closely misses you. x2; The centaur hits you.
You die...

## #######.
#############.......
#.............######
#####.######### ##
###..# ##. #.$..#
####.. #.@..# #....#
#..c..# #.####
#....## #.....
#....# #.#### #..###
#.#### #.# #.##.. #.
#....# #. #.#### #.#


You could see a centaur (extremely poisoned).

Vanquished Creatures
  A scorpion (D:3)
  2 adders (D:3)
  An adder skeleton (D:4)
  A dart slug (D:1)
  6 endoplasms
  3 giant cockroaches
  3 goblins
  6 hobgoblins
  4 jackals (D:1)
  11 kobolds
  A quokka (D:1)
  11 ball pythons
  6 bats
  2 frilled lizards
58 creatures vanquished.

Notes
Turn   | Place    | Note
-------+----------+-------------------------------------------
     0 | D:1      | H0rd4k the Human Artificer began the quest for the Orb.
     0 | D:1      | Reached XP level 1. HP: 15/15 MP: 1/1
    70 | D:1      | Reached XP level 2. HP: 10/21 MP: 2/2
   814 | D:1      | Gained mutation: Your body sometimes deteriorates upon
                  | taking damage. [potion of mutation]
   814 | D:1      | Gained mutation: Your magical capacity is low. (-10% MP)
                  | [potion of mutation]
   814 | D:1      | Gained mutation: You expend magic power (3 MP) to
                  | strengthen your wands. [potion of mutation]
   819 | D:1      | HP: 1/21 [poisoned by a kobold]
  1112 | D:1      | Reached XP level 3. HP: 25/26 MP: 2/2
  1512 | D:1      | Reached skill level 1 in Maces & Flails
  2907 | D:3      | Reached XP level 4. HP: 32/32 MP: 3/3
  3017 | D:3      | Found a shimmering altar of Xom.
  3481 | D:3      | Reached skill level 1 in Short Blades
  3624 | D:4      | Noticed a scorpion
  3637 | D:3      | Killed a scorpion
  3638 | D:3      | Reached XP level 5. HP: 10/38 MP: 4/4
  4058 | D:4      | Noticed a centaur
  4066 | D:4      | HP: 1/38 [centaur (5)]
  4067 | D:4      | Slain by a centaur

Illustrated notes

Levels and vault maps discovered:
D:1:      grunt_arrival_lava_bath, layout_basic, corexii_item_surrounded_by_moat
D:2:      layout_loops_ring
D:3:      layout_loops_ring, overflow_temple_1_default
D:4:      minmay_opposing_rooms, layout_rooms, lemuel_crystal_altar,
          kiku_gazebo_garden_becter, grunt_ministairs_7

Skill      XL: |  1  2  3  4 |
---------------+-------------+-----
Maces & Flails | 1 |  1.7
Short Blades   | 2 |  2.0
Fighting       | 2 |  2.0
Dodging        | 2 |  2.0
Armour         | |  2.0
Stealth        | |  1.0
Evocations     | |  3.9

Action                   |  1- 3 |  4- 6 || total
-------------------------+-------+-------++-------
Melee: Club              |    90 |       ||    90
       Short sword       |    76 |    58 ||   134
       Punch             |     2 |     1 ||     3
Evoke: Wand              |     1 |       ||     1
  Use: Potion            |     1 |     2 ||     3
 Stab: Sleeping          |     2 |     2 ||     4
Armor: Leather armour    |    63 |    20 ||    83
Dodge: Dodged            |   117 |    26 ||   143
